 Dungeon Crawl Stone Soup version 0.29-a0-330-g52719c12eb (webtiles) character file.

Game seed: 16670462198859379154

607 Lauz the Magician (level 7, 0/36 HPs)
             Began as a Deep Elf Conjurer on May 28, 2022.
             Killed by nerve-wracking pain
             ... invoked by Grinder
              (11 damage)
             ... on level 6 of the Dungeon.
             The game lasted 00:22:00 (4519 turns).

Lauz the Magician (Deep Elf Conjurer)               Turns: 4519, Time: 00:22:00

Health: 0/36       AC:  2    Str:  4    XL:     7   Next: 19%
Magic:  20/20      EV: 12    Int: 25    God:
Gold:   163        SH:  0    Dex: 13    Spells: 15/21 levels left

rFire   . . .      SeeInvis .   d - +0 club
rCold   . . .      Faith    .   (no shield)
rNeg    . . .      Spirit   .   a - +0 robe
rPois   .          Reflect  .   (no helmet)
rElec   .          Harm     .   (no cloak)
rCorr   .          Rampage  .   (no gloves)
Will    .....                   (no boots)
Stlth   ++........              (no amulet)
HPRegen 0.12/turn               (no ring)
MPRegen 0.17/turn               (no ring)

@: no status effects
A: no striking features
a: no special abilities


You were on level 6 of the Dungeon.
You visited 1 branch of the dungeon, and saw 6 of its levels.

You collected 163 gold pieces.

Inventory:

Hand Weapons
 d - a +0 club (weapon)
 i - the +5 whip of Zaakka {vorpal, rC+ Int-2 Dex+4}
   (You found it on level 2 of the Dungeon)

   It inflicts extra damage upon your enemies.
   Int:       It affects your intelligence (-2).
   Dex:       It affects your dexterity (+4).
   rC:        It protects you from cold.
Armour
 a - a +0 robe (worn)
 q - a +0 pair of boots
Scrolls
 e - a scroll of silence {unknown}
 g - a scroll of torment {unknown}
 j - a scroll of blinking {unknown}
 k - 2 scrolls of identify {unknown}
 l - a scroll of noise {unknown}
 o - a scroll of fog {unknown}
 r - a scroll of brand weapon {unknown}
 s - a scroll of teleportation {unknown}
Potions
 b - 2 potions of magic
 c - a potion of curing {unknown}
 f - 3 potions of heal wounds
 h - 3 potions of flight {unknown}
 m - a potion of lignification {unknown}
 n - a potion of haste {unknown}
 p - a potion of resistance {unknown}


   Skills:
 + Level 2.7 Dodging
 - Level 2.4 Stealth
 + Level 7.7 Spellcasting
 + Level 7.0 Conjurations
 + Level 0.4 Hexes
 + Level 1.9 Summonings
 + Level 0.3 Ice Magic


You had 15 spell levels left.
You knew the following spells:

 Your Spells              Type           Power      Damage    Failure   Level
a - Magic Dart            Conj           100%       1d8       1%          1
b - Summon Small Mammal   Summ           76%        N/A       3%          1
c - Searing Ray           Conj           88%        2d7       1%          2
d - Ensorcelled Hibernat  Hex/Ice        22%        N/A       9%          2

Your spell library contained the following spells:

 Spells                   Type           Power      Damage    Failure   Level
 Dazzling Flash           Conj/Hex       56%        N/A       4%          3
 Call Canine Familiar     Summ           19%        N/A       9%          3
 Summon Guardian Golem    Hex/Summ       15%        N/A       12%         3
 Fulminant Prism          Conj/Hex       14%        3d9       13%         4
 Iskenderun's Mystic Bla  Conj/Tloc      27%        2d7       14%         4
 Tukima's Dance           Hex            11%        N/A       16%         3
 Spider Form              Tmut/Pois      9%         N/A       19%         3
 Anguish                  Hex/Necr       5%         N/A       50%         4
 Alistair's Intoxication  Tmut/Pois      6%         N/A       86%         5
 Borgnjor's Vile Clutch   Necr/Erth      4%         N/A       86%         5
 Eringya's Noxious Bog    Tmut/Pois      4%         N/A       100%        6
 Enfeeble                 Hex            5%         N/A       100%        7


Dungeon Overview and Level Annotations

Branches:
Dungeon (6/15)
 Temple: D:4-7

Altars:
Makhleb
Ru
Uskayaw
Wu Jian

Shops:
D:4 ?(*

Annotations:
D:6 Grinder


Message History

Grinder shouts!
Grinder moves out of view.
Grinder says, "Mostly I couldn't keep them alive."
Grinder gestures at you.
You suddenly lose the ability to move!
Grinder hits you.
You writhe in agony.
You can move again.
Casting: Searing Ray (safe; 1% risk of failure)
Confirm with . or Enter, or press ? or * to list all spells.
You can't see any susceptible monsters within range! (Use Z to cast anyway.) Unknown command.
Casting: Searing Ray (safe; 1% risk of failure)
Confirm with . or Enter, or press ? or * to list all spells.
You can't see any susceptible monsters within range! (Use Z to cast anyway.) Unknown command.
Press: ? - help, v - describe, . - travel
Here: Grinder The floor.
Press: ? - help, v - describe, . - travel
Here: Grinder The floor.
Unknown command.
Grinder hits you.
You writhe in agony.
Grinder says, "Don't move a muscle."
There is a stone staircase leading down here.
Grinder hits you!
You writhe in agony.
* * * LOW HITPOINT WARNING * * *
You climb downwards.
Found 13 gold pieces and a puce potion.
There is a stone staircase leading up here.
Unknown command.
A jelly comes into view.
Grinder closely misses you.
Found 23 stones and 12 gold pieces.
Grinder blinks!
You now have 163 gold pieces (gained 13).
The adder hisses angrily.
The adder misses you. Grinder gestures at you. Pain shoots through your body!
You die...

... ..$ ..
... .. . ..
#.# ..#.# #.
#.# .... #.
#.#...# #.
#.#...#.#
.##.##.
#.....(.#
.......##..#
#S@..#
#ยง##.# #.#
..J ... ##.#
##!# .# #5#
. #.. ## ###


You could see Grinder, a jelly (asleep) and an adder.

Vanquished Creatures
  Menkaure (D:5)
  A phantom (D:5)
  A scorpion (D:5)
  A howler monkey (D:5)
  A gnoll shaman (D:4)
  A hound (D:5)
  2 orc wizards (D:5)
  Ijyb (D:3)
  8 adders
  3 gnolls (D:4)
  5 dart slugs
  5 orcs
  7 ball pythons
  9 endoplasms
  A giant cockroach (D:1)
  5 hobgoblins
  2 jackals (D:5)
  4 kobolds
  5 quokkas
  3 bats
  6 frilled lizards
  3 goblins
  3 rats
78 creatures vanquished.

Vanquished Creatures (collateral kills)
  A rat (D:1)
1 creature vanquished.

Vanquished Creatures (others)
  4 fungi (D:2)
  3 plants (D:2)
7 creatures vanquished.

Grand Total: 86 creatures vanquished

Notes
Turn   | Place    | Note
-------+----------+-------------------------------------------
     0 | D:1      | Lauz the Deep Elf Conjurer began the quest for the Orb.
     0 | D:1      | Reached XP level 1. HP: 10/10 MP: 6/6
   231 | D:1      | Reached XP level 2. HP: 13/15 MP: 2/8
   392 | D:1      | Reached skill level 5 in Conjurations
   635 | D:1      | Learned a level 1 spell: Summon Small Mammal
  1052 | D:2      | Reached XP level 3. HP: 15/19 MP: 2/10
  1131 | D:2      | Identified the +5 whip of Zaakka {vorpal, rC+ Int-2 Dex+4}
  1799 | D:2      | Learned a level 2 spell: Searing Ray
  1854 | D:2      | Found a faded altar of an unknown god.
  1919 | D:2      | Reached XP level 4. HP: 24/24 MP: 9/12
  2349 | D:3      | Noticed Ijyb
  2354 | D:3      | Paralysed by Ijyb for 7 turns
  2385 | D:3      | Killed Ijyb
  2521 | D:3      | Reached skill level 5 in Spellcasting
  3129 | D:3      | Reached XP level 5. HP: 28/28 MP: 10/14
  3326 | D:4      | Found an ornate altar of the Wu Jian Council.
  3333 | D:4      | Found a sacrificial altar of Ru.
  3355 | D:4      | Found Ript's Antique Weapon Emporium.
  3435 | D:4      | Found Tuog's Magic Scroll Shop.
  3514 | D:4      | Found Reyhoe Itia's General Store.
  3526 | D:4      | Found a burning altar of Makhleb.
  3772 | D:4      | You fall into a shaft and drop 1 floor!
  3772 | D:5      | Entered Level 5 of the Dungeon
  3776 | D:5      | Reached skill level 1 in Summonings
  3784 | D:5      | Found a hide-covered altar of Uskayaw.
  3801 | D:5      | Noticed Menkaure
  3807 | D:5      | Killed Menkaure
  3808 | D:5      | Reached XP level 6. HP: 11/32 MP: 7/17
  4179 | D:5      | Learned a level 2 spell: Ensorcelled Hibernation
  4288 | D:5      | Reached XP level 7. HP: 30/36 MP: 4/19
  4502 | D:5      | Noticed Grinder
  4503 | D:5      | Paralysed by Grinder for 5 turns
  4519 | D:6      | Killed from afar by Grinder

Illustrated notes

Levels and vault maps discovered:
D:1:      dpeg_arrival_shelter, layout_rooms
D:2:      layout_basic, dreamdust_ecumenical_altar_hidden_monk_grotto
D:3:      layout_loops_ring, chequers_serial_rivers_room_a, uniq_ijyb
D:4:      layout_loops_ring, kennysheep_mini, mainiacjoe_overflow_big_doors,
          portal_sewer_entry_e, serial_shops, nicolae_shop_waterfront,
          nicolae_shop_waterfront, shop
D:5:      layout_loops_ring, marbit_many_paths, uniq_menkaure, uniq_grinder
D:6:      layout_loops_cross, nicolae_vehumet_altar_sigil

Skill      XL: |  1  2  3  4  5  6  7 |
---------------+----------------------+-----
Conjurations   | 5 6 7 |  7.0
Spellcasting   | 4 5 6 7 |  7.7
Summonings     | 1 |  1.9
Dodging        | |  2.7
Stealth        | |  2.4
Hexes          | |  0.4
Ice Magic      | |  0.3

Action                   |  1- 3 |  4- 6 |  7- 9 || total
-------------------------+-------+-------+-------++-------
Melee: Club              |     1 |       |       ||     1
       Whip              |       |     6 |       ||     6
 Cast: Magic Dart        |    89 |    50 |       ||   139
       Summon Small Mamm |    15 |     2 |       ||    17
       Searing Ray       |       |    20 |     2 ||    22
       Ensorcelled Hiber |       |     4 |       ||     4
  Use: Potion            |       |     1 |       ||     1
Armor: Robe              |     1 |     2 |     1 ||     4
Dodge: Dodged            |     6 |    12 |     2 ||    20

Table legend: (Time is in decaauts)
 A = Elapsed time spent in this place.
 B = Non-inter-level travel time spent in this place.
 C = Inter-level travel time spent in this place.
 D = Time resting spent in this place.
 E = Time spent auto-exploring this place.
 F = Levels seen in this place.
 G = Mean time per level.
                   A        B        C        D        E       F      G
               +--------+--------+--------+--------+--------+-----+--------+
         Total |   4517 |   4431 |     86 |   1228 |   2368 |   6 |  752.8 |
       Dungeon |   4517 |   4431 |     86 |   1228 |   2368 |   6 |  752.8 |
               +--------+--------+--------+--------+--------+-----+--------+

Top non-repeatable levels by time:
     D:2: 1256 daAuts
     D:1: 1043 daAuts
     D:3: 1015 daAuts
     D:5: 742 daAuts
     D:4: 454 daAuts
     D:6: 3 daAuts
